 Dungeon Crawl Stone Soup version 0.29-a0-337-g68df138881 (webtiles) character file.

Game seed: 15968095011650601733

126 Agony the Skirmisher (level 4, -1/41 HPs)
             Began as a Minotaur Fighter on Apr 16, 2022.
             Slain by an orc wizard
             ... wielding a +0 dagger
              (2 damage)
             ... on level 3 of the Dungeon.
             The game lasted 00:05:07 (2132 turns).

Agony the Skirmisher (Minotaur Fighter)             Turns: 2132, Time: 00:05:09

Health: -1/41      AC:  9    Str: 22    XL:     4   Next: 84%
Magic:  3/3        EV:  6    Int:  5    God:
Gold:   79         SH:  0    Dex: 10    Spells: 3/3 levels left

rFire   . . .      SeeInvis .   a - +0 war axe
rCold   . . .      Faith    .   c - +0 buckler
rNeg    . . .      Spirit   .   b - +1 scale mail
rPois   .          Reflect  .   (helmet restricted)
rElec   .          Harm     .   q - +0 cloak
rCorr   .          Rampage  .   (no gloves)
Will    .....                   (no boots)
Stlth   ..........              (no amulet)
HPRegen 0.13/turn               (no ring)
MPRegen 0.08/turn               (no ring)

@: confused, lethally poisoned (-1 -> -30), constricted
A: horns 2, retaliatory headbutt
a: no special abilities


You were on level 3 of the Dungeon.
You visited 1 branch of the dungeon, and saw 3 of its levels.

You collected 79 gold pieces.

Inventory:

Hand Weapons
 a - a +0 war axe (weapon)
Missiles
 e - 3 javelins (quivered)
 m - 4 poisoned darts
Armour
 b - a +1 scale mail (worn)
 c - a +0 buckler (worn)
 q - a +0 cloak (worn)
Wands
 r - a wand of iceblast (8)
Scrolls
 f - a scroll of enchant armour
 g - 2 scrolls of enchant weapon {unknown}
 h - a scroll of blinking
 i - 5 scrolls of identify
 k - a scroll of brand weapon {unknown}
 l - a scroll of teleportation {unknown}
 o - a scroll of torment {unknown}
 s - a scroll of immolation {unknown}
Potions
 d - a potion of might
 j - a potion of curing {unknown}
 n - a potion of lignification {unknown}
 p - a potion of haste


   Skills:
 + Level 4.6 Fighting
 + Level 3.6 Axes
 + Level 4.6 Armour
 + Level 4.6 Shields


You had 3 spell levels left.
You didn't know any spells.
Your spell library contained the following spells:

 Spells                   Type           Power      Damage    Failure   Level
 Foxfire                  Conj/Fire      0%         2x1d4     86%         1
 Blink                    Tloc           0%         N/A       95%         2
 Conjure Flame            Conj/Fire      0%         6-21      99%         3
 Inner Flame              Hex/Fire       0%         N/A       99%         3
 Flame Wave               Conj/Fire      0%         2d4       100%        4
 Manifold Assault         Tloc           0%         N/A       100%        5
 Storm Form               Tmut/Air       0%         N/A       100%        7


Dungeon Overview and Level Annotations

Branches:
Dungeon (3/15)

Altars:
The Shining One

Shops:
D:3 *


Innate Abilities, Weirdness & Mutations

You have a pair of horns on your head.
You reflexively headbutt those who attack you in melee.


Message History

You bump into the rock wall.
You feel sick. The ball python bites you. The ball python constricts you.
Something hits you.
You are more poisoned.
The orc wizard hits you but does no damage.
The orc hits you but does no damage.
The ball python bites you but does no damage.
The ball python constricts you.
You hit the orc.
The orc is severely wounded.
You closely miss the ball python. You miss the orc wizard.
You closely miss something.
You feel very sick. Something hits you but does no damage.
You are more poisoned.
The orc wizard gestures wildly while chanting.
The orc wizard flickers and vanishes!
The orc hits you but does no damage. The ball python barely misses you.
The ball python constricts you. The orc hits you but does no damage.
Something hits you but does no damage.
You are lethally poisoned!
Something hits you but does no damage.
You bump into the rock wall.
You feel very sick. The ball python closely misses you.
The ball python constricts you. Something hits you but does no damage.
You are more poisoned.
The orc barely misses you.
You hear some strange, mumbled words.
A puff of flame appears from out of thin air!
The puff of flame hits you.
* * * LOW HITPOINT WARNING * * *
The rat bites you.
* * * LOW HITPOINT WARNING * * *
You bump into the rock wall.
* * * LOW HITPOINT WARNING * * *
You feel very sick. The ball python closely misses you.
The ball python constricts you. Something hits you but does no damage.
You are more poisoned.
Something hits you.
You die...

#.....#...........##...
#......................
#...........#..........
#...........#..........
##..................###.
#...................# .
##.................#.#
#......o###.....
#.......@.......
#......{Sr..#...
##..........#
##.........#
#..$...##### #.........#
#.........# #.......r.#
#...........


You could see an orc, a ball python and a rat.

Vanquished Creatures
  4 gnolls (D:2)
  3 adders
  5 dart slugs
  2 orcs (D:3)
  4 endoplasms
  4 giant cockroaches
  5 goblins
  3 hobgoblins
  2 quokkas (D:3)
  3 ball pythons
  3 bats
  4 frilled lizards
  3 kobolds (D:1)
  8 rats
53 creatures vanquished.

Vanquished Creatures (others)
  3 plants (D:3)
3 creatures vanquished.

Grand Total: 56 creatures vanquished

Notes
Turn   | Place    | Note
-------+----------+-------------------------------------------
     0 | D:1      | Agony the Minotaur Fighter began the quest for the Orb.
     0 | D:1      | Reached XP level 1. HP: 19/19 MP: 0/0
   381 | D:1      | Reached XP level 2. HP: 27/27 MP: 1/1
  1135 | D:2      | Reached XP level 3. HP: 33/33 MP: 2/2
  1411 | D:2      | Reached XP level 4. HP: 18/41 MP: 3/3
  1960 | D:3      | Found a glowing golden altar of the Shining One.
  2055 | D:3      | Found Etwepsiy's General Store.
  2132 | D:3      | HP: 1/41 [poisoned by an orc wizard]
  2132 | D:3      | Slain by an orc wizard

Illustrated notes

Levels and vault maps discovered:
D:1:      sevenhm_arrival_forest_fort_large_4, layout_loops_cross
D:2:      layout_loops_ring, nicolae_figureground_sparkle
D:3:      layout_basic, tso_oasis_becter, shapermc_ecumenical_altar_hornbeckon,
          serial_shops, nicolae_shop_hallway_stairs

Skill      XL: |  1  2  3 |
---------------+----------+-----
Fighting       | 4 |  4.6
Armour         | 4 |  4.6
Shields        | 4 |  4.6
Axes           | 3 |  3.6

Action                   |  1- 3 |  4- 6 || total
-------------------------+-------+-------++-------
Melee: War axe           |    97 |    40 ||   137
       Headbutt          |    12 |     6 ||    18
  Use: Scroll            |     3 |       ||     3
Armor: Scale mail        |    43 |    28 ||    71
Dodge: Dodged            |    34 |    24 ||    58
Block: Buckler           |    31 |     5 ||    36

Table legend: (Time is in decaauts)
 A = Elapsed time spent in this place.
 B = Non-inter-level travel time spent in this place.
 C = Inter-level travel time spent in this place.
 D = Time resting spent in this place.
 E = Time spent auto-exploring this place.
 F = Levels seen in this place.
 G = Mean time per level.
                   A        B        C        D        E       F      G
               +--------+--------+--------+--------+--------+-----+--------+
         Total |   2186 |   2149 |     37 |    144 |   1457 |   3 |  728.7 |
       Dungeon |   2186 |   2149 |     37 |    144 |   1457 |   3 |  728.7 |
               +--------+--------+--------+--------+--------+-----+--------+

Top non-repeatable levels by time:
     D:1: 999 daAuts
     D:2: 894 daAuts
     D:3: 293 daAuts
